 Dungeon Crawl Stone Soup version 0.31-a0-889-g1a8549509d (webtiles) character file.

Game seed: 17363095110063044658

45 zazu2006 the Twirler (level 3, -4/28 HPs)
             Began as a Gnoll Wanderer on Oct 16, 2023.
             Slain by an orc priest
             ... wielding a +0 flail
              (5 damage)
             ... on level 2 of the Dungeon.
             The game lasted 00:01:51 (1222 turns).

zazu2006 the Twirler (Gnoll Wanderer)               Turns: 1222, Time: 00:01:52

Health: -4/28      AC:  7    Str: 18    XL:     3   Next: 64%
Magic:  4/4        EV: 10    Int:  9    God:
Gold:   83         SH:  0    Dex:  8    Spells: 3/3 levels left

rFire   . . .        a - +2 quarterstaff
rCold   . . .        (shield currently unavailable)
rNeg    . . .        c - +0 scale mail
rPois   .            (no helmet)
rElec   .            (no cloak)
rCorr   .            (no gloves)
SInv    .            (no boots)
Will    .....        (no amulet) Stlth
                     (no ring)
HPRegen 0.24/turn    (no ring)
MPRegen 0.09/turn

%: no passive effects
@: mighty
A: fangs 1, strong nose, distributed training
a: no special abilities


You were on level 2 of the Dungeon.
You visited 1 branch of the dungeon, and saw 2 of its levels.

You collected 83 gold pieces.

Inventory:

Hand Weapons
 a - a +2 quarterstaff (weapon)
 b - a +0 mace
Armour
 c - a +0 scale mail (worn)
Scrolls
 e - a scroll of fog {unknown}
 f - 3 scrolls of identify {unknown}
 h - 2 scrolls of teleportation {unknown}
 i - a scroll of vulnerability {unknown}
Potions
 d - a potion of attraction


   Skills:
 + Level 2.6 Fighting
 + Level 0.9 Short Blades
 + Level 0.9 Long Blades
 + Level 0.9 Axes
 + Level 6.5 Maces & Flails
 + Level 0.9 Polearms
 + Level 6.5 Staves
 + Level 0.9 Ranged Weapons
 + Level 0.9 Throwing
 + Level 4.5 Armour
 + Level 2.6 Dodging
 + Level 0.9 Stealth
 + Level 0.9 Shields
 + Level 0.9 Unarmed Combat
 + Level 0.9 Spellcasting
 + Level 0.6 Conjurations
 + Level 0.6 Hexes
 + Level 0.6 Summonings
 + Level 0.6 Necromancy
 + Level 0.6 Translocations
 + Level 0.6 Transmutations
 + Level 0.6 Fire Magic
 + Level 0.6 Ice Magic
 + Level 0.6 Air Magic
 + Level 0.6 Earth Magic
 + Level 0.6 Poison Magic
 + Level 1.0 Invocations
 + Level 0.9 Evocations
 + Level 0.7 Shapeshifting


You had 3 spell levels left.
You didn't know any spells.
Your spell library contained the following spells:

 Spells                   Type           Power      Damage    Failure   Level
 Necrotise                Necr           4%         1d4       65%         1
 Vampiric Draining        Necr           1%         2d6       95%         3
 Agony                    Necr           1%         N/A       100%        5


Dungeon Overview and Level Annotations

Branches:
Dungeon (2/15)

Altars:


Innate Abilities, Weirdness & Mutations

You have very sharp teeth.
Your uncanny sense of smell can sniff out nearby items.
Your experience applies equally to all skills.


Message History

Found a stone staircase leading up.
An orc comes into view. It is wielding a +0 war axe.
The orc shouts!
You hear a shout! x2
An orc is nearby!
The orc hits you with a +0 war axe.
An orc priest comes into view. It is wielding a +0 flail.
You completely miss the orc. You closely miss the orc.
You bite the orc, but do no damage. The orc barely misses you.
You hit the orc but do no damage.
An orc comes into view. It is wielding a +0 hand axe.
The orc hits you but does no damage.
The orc priest hits you with a +0 flail.
You hit the orc priest. Your bite misses the orc priest.
The orc priest is moderately wounded.
The orc hits you with a +0 war axe.
The orc priest mumbles some strange prayers to Beogh against you.
Beogh smites you!
* * * LOW HITPOINT WARNING * * *
You hit the orc priest.
The orc priest is severely wounded.
The orc barely misses you.
The orc priest hits you but does no damage.
You hit the orc priest but do no damage.
The orc priest is severely wounded.
The orc barely misses you. The orc priest barely misses you.
You barely miss the orc priest.
The orc priest is severely wounded.
The orc closely misses you. The orc priest closely misses you.
You hit the orc priest.
The orc priest is severely wounded.
The orc closely misses you.
The orc priest hits you with a +0 flail!
* * * LOW HITPOINT WARNING * * *
Unknown command.
It was a potion of might.
You feel very mighty all of a sudden. The orc closely misses you.
The orc priest hits you with a +0 flail.
You die...

# #...#
########.###
##.......#
#.......#
#......<# ###
#.......# ..#
#.......# ###
#o# #.......#
...#o#
#.......#
#.#.#@#
#.......#
#...o.#
###.#.#.#
###.#.# #.#.#.#
...#.# #.#.#.#
### #.#
#.#.#.#######.#
#.............#
###############
∆


You could see an orc priest and 2 orcs.

Vanquished Creatures
  2 adders (D:2)
  A dart slug (D:1)
  3 bats
  2 endoplasms
  3 hobgoblins (D:1)
  4 ball pythons
  3 frilled lizards (D:1)
  3 goblins (D:1)
  6 kobolds
  A rat (D:2)
28 creatures vanquished.

Notes
Turn   | Place    | Note
-------+----------+-------------------------------------------
     0 | D:1      | zazu2006 the Gnoll Wanderer began the quest for the Orb.
     0 | D:1      | zazu2006 set off with the following items: a +2
                  | quarterstaff, a +0 mace, a +0 scale mail, a potion of
                  | attraction.
     0 | D:1      | Reached XP level 1. HP: 17/17 MP: 1/1
   120 | D:1      | Reached XP level 2. HP: 19/23 MP: 2/2
   908 | D:2      | Reached XP level 3. HP: 21/28 MP: 2/4
  1035 | D:2      | Reached skill level 1 in Invocations
  1221 | D:2      | HP: 1/28 [orc priest/+0 flail (7)]
  1222 | D:2      | Slain by an orc priest

Illustrated notes

Levels and vault maps discovered:
D:1:      grunt_arrival_lava_bath, layout_basic, minmay_misc_feat_cross
D:2:      layout_basic, hellmonk_ecumenical_altar_leap_of_faith, basic_altar,
          minmay_indecisive_spiral

Skill      XL: |  1  2  3 |
---------------+----------+-----
Invocations    | 1 |  1.0
Fighting       | |  2.6
Short Blades   | |  0.9
Long Blades    | |  0.9
Axes           | |  0.9
Maces & Flails | |  6.5
Polearms       | |  0.9
Staves         | |  6.5
Ranged Weapons | |  0.9
Throwing       | |  0.9
Armour         | |  4.5
Dodging        | |  2.6
Stealth        | |  0.9
Shields        | |  0.9
Unarmed Combat | |  0.9
Spellcasting   | |  0.9
Conjurations   | |  0.6
Hexes          | |  0.6
Summonings     | |  0.6
Necromancy     | |  0.6
Translocations | |  0.6
Transmutations | |  0.6
Fire Magic     | |  0.6
Ice Magic      | |  0.6
Air Magic      | |  0.6
Earth Magic    | |  0.6
Poison Magic   | |  0.6
Evocations     | |  0.9
Shapeshifting  | |  0.7

Action                     || total
---------------------------++-------
  Melee: Quarterstaff      ||    79
         Bite              ||     7
    Use: Potion            ||     1
 Armour: Scale mail        ||    40
  Dodge: Dodged            ||    47

Table legend: (Time is in decaauts)
 A = Elapsed time spent in this place.
 B = Non-inter-level travel time spent in this place.
 C = Inter-level travel time spent in this place.
 D = Time resting spent in this place.
 E = Time spent auto-exploring this place.
 F = Levels seen in this place.
 G = Mean time per level.
                   A        B        C        D        E       F      G
               +--------+--------+--------+--------+--------+-----+--------+
         Total |   1219 |   1196 |     23 |      0 |   1009 |   2 |  609.5 |
       Dungeon |   1219 |   1196 |     23 |      0 |   1009 |   2 |  609.5 |
               +--------+--------+--------+--------+--------+-----+--------+

Top non-repeatable levels by time:
     D:1: 872 daAuts
     D:2: 347 daAuts
